 Dungeon Crawl Stone Soup version 0.20-a0-792-g09bcfd3 (webtiles) character file.

10522 FastMan the Severer (level 11, -2/104 HPs)
             Began as a Minotaur Berserker on Mar 2, 2017.
             Was an Elder of Trog.
             Slain by a yak (10 damage)
             ... on level 2 of the Lair of Beasts.
             The game lasted 00:06:38 (5388 turns).

FastMan the Severer (Minotaur Berserker)            Turns: 5388, Time: 00:06:39

Health: -2/104     AC: 14    Str: 22    XL:     11   Next: 37%
Magic:  10/10      EV:  7    Int:  7    God:    Trog [****..]
Gold:   455        SH:  0    Dex: 13    Spells: 10/10 levels left

rFire    . . .     SeeInvis .   a - +3 battleaxe
rCold    . . .     Gourm    .   u - +0 plate armour
rNeg     . . .     Faith    .   (shield currently unavailable)
rPois    .         Spirit   .   r - +1 hat {Int+3}
rElec    .         Reflect  .   (no cloak)
rCorr    .         Harm     .   (no gloves)
MR       .....                  (no boots)
Stlth    ..........             (no amulet)
Regen    0.3/turn               (no ring)
MPRegen  0.2/turn               (no ring)

@: no status effects
A: retaliatory headbutt, horns 2
a: Berserk, Trog's Hand, Brothers in Arms, Burn Spellbooks, Renounce Religion


You were on level 2 of the Lair of Beasts.
You worshipped Trog.
Trog was greatly pleased with you.
You were not hungry.

You visited 2 branches of the dungeon, and saw 11 of its levels.

You collected 455 gold pieces.

Inventory:

Hand Weapons
 a - a +3 battleaxe (weapon)
Armour
 r - a +1 hat of intelligence (worn)
 u - a +0 plate armour (worn)
Scrolls
 e - a scroll of random uselessness {unknown}
 f - 3 scrolls of magic mapping
 g - a scroll of fear
 i - a scroll of teleportation {@r3}
Potions
 b - a potion of haste {@q3}
 d - 2 potions of curing {@q1}
 k - 4 potions of mutation
 l - a potion of invisibility
 m - 6 potions of heal wounds {@q2}
 n - 2 potions of lignification
 o - 4 potions of might {@q4}
Comestibles
 c - 3 bread rations {@e1}
 j - 2 fruits {@e4}
 p - 4 royal jellies {@e3}
 q - 2 meat rations {@e2}


   Skills:
 + Level 11.9 Fighting
 * Level 15.7 Axes
 + Level 8.5 Armour
 - Level 2.1 Dodging


You had 10 spell levels left.
You didn't know any spells.

Dungeon Overview and Level Annotations

Branches:
Dungeon (9/15)             Temple (0/1) D:5            Lair (2/6) D:9
  Swamp: Lair:2-4    Shoals: Lair:2-4     Snake: Lair:2-4    Spider: Lair:2-4
    Orc: D:9-12

Altars:
Kikubaaqudgha
Makhleb
Nemelex Xobeh
Qazlal


Innate Abilities, Weirdness & Mutations

You reflexively headbutt those who attack you in melee.
You have a pair of horns on your head.


Message History

The yak gores you!
* * * LOW HITPOINT WARNING * * *
You hit the yak. You headbutt the yak.
The yak is almost dead.
You are struck by the porcupine's spines.
* * * LOW HITPOINT WARNING * * *
You barely miss the porcupine. The porcupine bites you.
* * * LOW HITPOINT WARNING * * *
The yak gores you but does no damage.
You are too injured to fight recklessly!
You are too injured to fight recklessly!
You are too injured to fight recklessly!
You are too injured to fight recklessly!
You hit the yak.
The yak is almost dead.
You are struck by the porcupine's spines.
* * * LOW HITPOINT WARNING * * *
You barely miss the porcupine. The porcupine completely misses you.
The yak gores you!
You die...

..............
.............
.......$....
...........
........<.
.........##
......Yr..#
.......@.###
......†..#.#
...........##
.$....#.#..P#
............####
...............#
...............##
............(...##♣
................#♣


You could see a yak and a porcupine.

Vanquished Creatures
  Gastronok (D:9)
  Erolcha (D:9)
  A catoblepas (D:9)
  2 spiny frogs (Lair:2)
  A komodo dragon (Lair:2)
  A troll (D:9)
  A hippogriff (D:9)
  18 yaks
  A hungry ghost (D:7)
  Menkaure (D:7)
  2 water moccasins (Lair:2)
  Duvessa (D:4)
  2 porcupines (D:9)
  2 orc warriors (D:9)
  A black bear (D:9)
  A necrophage (D:8)
  4 ogres
  4 wolves (Lair:2)
  2 centaurs
  3 crocodiles (Lair:2)
  Blork the orc (D:5)
  3 bullfrogs
  A gnoll sergeant (D:5)
  Dowan (D:4)
  8 killer bees
  A scorpion (D:7)
  5 wights (D:9)
  2 howler monkeys (D:9)
  2 crimson imps
  3 orc priests (D:9)
  A hound (D:9)
  3 orc wizards (D:9)
  An iguana (D:7)
  2 worker ants
  Terence (D:3)
  3 gnolls (D:5)
  6 adders
  A shadow imp (D:9)
  A dart slug (D:2)
  3 leopard geckos
  34 orcs
  2 ball pythons
  3 giant cockroaches
  4 goblins
  13 jackals
  2 kobolds
  3 quokkas
  3 bats
  5 frilled lizards
  5 rats (D:3)
173 creatures vanquished.

Vanquished Creatures (others)
  An adder (D:3)
  10 fungi (D:9)
11 creatures vanquished.

Grand Total: 184 creatures vanquished

Notes
Turn   | Place    | Note
-------+----------+-------------------------------------------
     0 | D:1      | FastMan the Minotaur Berserker began the quest for the Orb.
     0 | D:1      | Reached XP level 1. HP: 19/19 MP: 0/0
   257 | D:1      | Reached skill level 4 in Axes
   289 | D:1      | Reached XP level 2. HP: 20/27 MP: 1/1
   432 | D:2      | Found a stormy altar of Qazlal.
   499 | D:3      | Noticed Terence
   506 | D:3      | Killed Terence
   506 | D:3      | Reached skill level 5 in Axes
   506 | D:3      | Reached XP level 3. HP: 33/33 MP: 2/2
   900 | D:3      | Reached XP level 4. HP: 40/41 MP: 3/3
   901 | D:3      | Reached ** piety under Trog
  1314 | D:4      | Noticed Duvessa
  1316 | D:4      | Noticed Dowan
  1316 | D:4      | Noticed a bullfrog
  1320 | D:4      | Killed a bullfrog
  1320 | D:4      | Reached skill level 5 in Fighting
  1320 | D:4      | Reached skill level 6 in Axes
  1320 | D:4      | Reached XP level 5. HP: 48/48 MP: 4/4
  1325 | D:4      | Killed Duvessa
  1325 | D:4      | Reached skill level 7 in Axes
  1325 | D:4      | Reached XP level 6. HP: 49/56 MP: 5/5
  1328 | D:4      | Killed Dowan
  1402 | D:5      | Entered Level 5 of the Dungeon
  1455 | D:5      | Found a burning altar of Makhleb.
  1461 | D:5      | Noticed Blork the orc
  1467 | D:5      | Killed Blork the orc
  1696 | D:5      | Found a staircase to the Ecumenical Temple.
  1759 | D:5      | Found a sparkling altar of Nemelex Xobeh.
  1765 | D:5      | Reached skill level 8 in Axes
  1766 | D:5      | Reached XP level 7. HP: 54/63 MP: 6/6
  1987 | D:7      | Noticed Menkaure
  1996 | D:7      | Killed Menkaure
  1996 | D:7      | Reached skill level 9 in Axes
  2168 | D:7      | Found an ancient bone altar of Kikubaaqudgha.
  2185 | D:7      | Noticed a hungry ghost
  2199 | D:7      | Killed a hungry ghost
  2199 | D:7      | Reached XP level 8. HP: 73/73 MP: 7/7
  2463 | D:7      | Reached skill level 10 in Axes
  2580 | D:9      | Noticed a catoblepas
  2598 | D:9      | Killed a catoblepas
  2598 | D:9      | Reached skill level 11 in Axes
  2849 | D:9      | Reached XP level 9. HP: 75/82 MP: 8/8
  2858 | D:9      | Reached *** piety under Trog
  2858 | D:9      | Reached skill level 12 in Axes
  3225 | D:9      | Noticed Gastronok
  3248 | D:9      | Killed Gastronok
  3248 | D:9      | Reached skill level 10 in Fighting
  3248 | D:9      | Reached skill level 13 in Axes
  3248 | D:9      | Reached XP level 10. HP: 94/94 MP: 9/9
  3578 | D:9      | Reached skill level 14 in Axes
  3879 | D:9      | Noticed Erolcha
  3890 | D:9      | Killed Erolcha
  4403 | D:9      | Reached **** piety under Trog
  4486 | D:9      | Found a staircase to the Lair.
  4590 | Lair:1   | Entered Level 1 of the Lair of Beasts
  4761 | Lair:2   | Noticed a spiny frog
  4771 | Lair:2   | Reached skill level 15 in Axes
  4771 | Lair:2   | Reached XP level 11. HP: 102/102 MP: 10/10
  5388 | Lair:2   | Slain by a yak

Vault maps used:
D:1:      matt_arrival_los_fun
D:2:      grunt_qazlal_clouds, tgw_trog
D:3:      first_bread, lemuel_old_faithful, uniq_terence
D:4:      uniq_duvessa
D:5:      nicolae_overflow_crystal_walls, old_standard_altar,
          lemuel_crystal_altar, minmay_temple_entry_water_ring,
          hangedman_decor_slide_cut, tgw_fedhas, uniq_blork_the_orc
D:6:      lemuel_doored_altar, kennysheep_mini, grunt_temple_overflow_open,
          serial_shops, shop, kennysheep_little_box
D:7:      kiku_gazebo_pond_becter, kennysheep_small_circle, uniq_menkaure
D:8:      elyvilon_altar_3, grunt_dithmenos_shadows, david_nohive_1
D:9:      grunt_lair_entry_orc_guard_hut, special_room, uniq_erolcha,
          uniq_gastronok
Lair:1:   patterned_corridor, serial_bayou_shore_a, uniq_nergalle, uniq_erica
Lair:2:   regret_index_bee_streams, nicolae_swamp_entry_splash_gauntlet

Skill      XL: |  1  2  3  4  5  6  7  8  9 10 11 |
---------------+----------------------------------+-----
Axes           | 4 5 6 7 8 9 11 13 15 | 15.7
Fighting       | 4 5 6 7 8 10 11 | 11.9
Armour         | 6 7 8 |  8.5
Dodging        | |  2.1

Action                   |  1- 3 |  4- 6 |  7- 9 | 10-12 || total
-------------------------+-------+-------+-------+-------++-------
Melee: Hand axe          |    51 |    51 |   124 |   167 ||   393
       Headbutt          |     6 |    15 |    32 |    53 ||   106
       Battleaxe         |       |       |       |    72 ||    72
Invok: Berserk           |     1 |     2 |     6 |     5 ||    14
       Trog's Hand       |       |       |     1 |     1 ||     2
  Use: Scroll            |       |       |     8 |     5 ||    13
 Stab: Sleeping          |     1 |       |       |       ||     1
  Eat: Chunk             |     1 |     4 |    11 |    13 ||    29
Armor: Animal skin       |     8 |       |       |       ||     8
       Scale mail        |    10 |    21 |     4 |       ||    35
       Chain mail        |       |       |    25 |    61 ||    86
       Plate armour      |       |       |       |    63 ||    63
Dodge: Dodged            |    33 |    25 |    37 |    90 ||   185
